 Dungeon Crawl Stone Soup version 0.31-a0-880-g9a209b2425 (webtiles) character file.

Game seed: 6782070566820065748

329 Descartes the Shield-Bearer (level 6, -3/49 HPs)
             Began as a Formicid Fighter on Oct 15, 2023.
             Was an Initiate of Gozag.
             Slain by a gnoll
             ... wielding a +0 flail
              (5 damage)
             ... on level 4 of the Dungeon.
             The game lasted 00:06:17 (2257 turns).

Descartes the Shield-Bearer (Formicid Fighter)      Turns: 2257, Time: 00:06:18

Health: -3/49      AC: 10    Str: 22    XL:     6   Next: 80%
Magic:  6/6        EV:  5    Int:  8    God:    Gozag
Gold:   206        SH:  0    Dex: 13    Spells: 5/5 levels left

rFire   . . .        m - +3 quarterstaff (chaos)
rCold   . . .        c - +0 buckler
rNeg    . . .        b - +0 scale mail
rPois   .            (helmet unavailable)
rElec   .            n - +2 cloak {rCorr}
rCorr   +            (no gloves)
SInv    +            (no boots)
Will    .....        (no amulet) Stlth
                     (no ring)
HPRegen 0.28/turn    (no ring)
MPRegen 0.10/turn

%: no passive effects
@: held
A: permanent stasis, dig shafts and tunnels, antennae 3, four strong arms
a: Dig, Shaft Self, Renounce Religion, Potion Petition, Call Merchant, Bribe
Branch


You were on level 4 of the Dungeon.
You worshipped Gozag.
Gozag was aware of your devotion.
You visited 2 branches of the dungeon, and saw 5 of its levels.

You collected 290 gold pieces.
You paid 84 gold pieces to Gozag.

Inventory:

Hand Weapons
 a - a +0 war axe
 j - a +2 whip of draining
 m - a +3 quarterstaff of chaos (weapon)
Missiles
 p - 4 poisoned darts
Armour
 b - a +0 scale mail (worn)
 c - a +0 buckler (worn)
 n - a +2 cloak of preservation (worn)
Scrolls
 e - 2 scrolls of enchant weapon {unknown}
 f - 3 scrolls of teleportation {unknown}
 h - 4 scrolls of vulnerability {unknown}
 i - a scroll of fog {unknown}
 k - a scroll of immolation
 l - 2 scrolls of revelation {unknown}
 o - 3 scrolls of identify {unknown}
 s - 2 scrolls of poison {unknown}
 u - a scroll of fear {unknown}
Potions
 d - a potion of might
 g - a potion of resistance {unknown}
 q - a potion of enlightenment {unknown}
 r - a potion of lignification {unknown}
 t - a potion of mutation {unknown}


   Skills:
 + Level 4.5 Fighting
 + Level 3.5(3.8) Axes
 + Level 1.4(2.7) Maces & Flails
 + Level 1.2(2.6) Polearms
 + Level 4.5 Armour
 + Level 5.6 Shields


You had 5 spell levels left.
You didn't know any spells.
Your spell library contained the following spells:

 Spells                   Type           Power      Damage    Failure   Level
 Shock                    Conj/Air       0%         1d3       78%         1
 Inner Flame              Hex/Fire       0%         N/A       98%         3
 Airstrike                Air            0%         2d(0-16)  100%        4
 Flame Wave               Conj/Fire      0%         2d4       100%        4
 Sticky Flame             Conj/Fire      0%         2d3       100%        4
 Swiftness                Air            Unusable   N/A       N/A         3

Dungeon Overview and Level Annotations

Branches:
Dungeon (4/15)             Temple (1/1) D:4

Altars:
Ashenzari
Cheibriados
Dithmenos
Elyvilon
Fedhas
Gozag
Hepliaklqana
Kikubaaqudgha
Makhleb
Nemelex Xobeh
Okawaru
Ru
Sif Muna
Trog
Uskayaw
Yredelemnul
Zin

Annotations:
D:4 1 runed translucent door, Zenn's ghost, amateur TeNe


Innate Abilities, Weirdness & Mutations

You cannot be hasted, slowed, berserked, paralysed or teleported.
You can dig through walls and to a lower floor.
You have a pair of large antennae on your head. (SInv)
Your four strong arms can wield two-handed weapons with a shield.


Message History

The gnoll hits you with a +0 flail!
The gnoll hits you from afar with a +0 spear!
The gnoll hits you with a +0 flail.
You are too injured to fight recklessly!
You are too injured to fight recklessly!
You are too injured to fight recklessly!
You are too injured to fight recklessly!
You are too injured to fight recklessly!
You are too injured to fight recklessly!
You are too injured to fight recklessly!
You are too injured to fight recklessly!
You are too injured to fight recklessly!
You are too injured to fight recklessly!
You are too injured to fight recklessly!
You are too injured to fight recklessly!
You are too injured to fight recklessly!
You are too injured to fight recklessly!
Unknown command.
You are too injured to fight recklessly!
You barely miss the gnoll. The gnoll hits you with a +0 flail.
The gnoll barely misses you. You block the gnoll's attack. x2
The gnoll hits you from afar with a +0 spear.
* * * LOW HITPOINT WARNING * * *
The gnoll hits you with a +0 flail.
* * * LOW HITPOINT WARNING * * *
You are too injured to fight recklessly!
Unknown command.
You barely miss the gnoll. The gnoll barely misses you.
The gnoll hits you from afar with a +0 spear.
* * * LOW HITPOINT WARNING * * *
The gnoll hits you with a +0 flail.
* * * LOW HITPOINT WARNING * * *
You are too injured to fight recklessly!
Unknown command.
Unknown command.
The gnoll throws a throwing net.
The throwing net hits you.
You become entangled in the net!
The gnoll attacks as it pursues you! The gnoll hits you with a +0 flail.
You die...
Your body crumbles into a pile of gold.

<...........### ..##.#....#
#.......... ... .# # #....#
........... ..####.###
###.## ##.........
....$...#.# #..#
##.....####. ..........
##.# .#.....# #..
#......... #.# .#)....# #..
#..g..P~~P #.# .....<.#
##.. #g.g# #.# †.....##
#...###@.## #.## ......#
#.......## #..# ......#
#........## ##.## ......#
#.........#.. .# #..#
......## #.###..##....#..#
##.# .......###.#
#...###...#.## #.#
.........#.# #............#
##)## .#.####..#.#
#.#..........# #...#
.#.####.##.###.#..........#
#...#


You could see 3 gnolls.

Vanquished Creatures
  A jelly (D:4)
  Crazy Yiuf (D:2)
  Jessica (D:2)
  Terence (D:2)
  Natasha (thrice) (D:3)
  6 adders
  2 dart slugs
  7 orcs
  5 bats
  7 endoplasms
  6 giant cockroaches
  5 goblins
  7 hobgoblins
  4 jackals (D:1)
  5 quokkas
  8 ball pythons
  4 frilled lizards
  4 kobolds
  6 rats
  A spectral hobgoblin (D:3)
84 creatures vanquished.

Vanquished Creatures (others)
  A kobold zombie (D:3)
1 creature vanquished.

Grand Total: 85 creatures vanquished

Notes
Turn   | Place    | Note
-------+----------+-------------------------------------------
     0 | D:1      | Descartes the Formicid Fighter began the quest for the Orb.
     0 | D:1      | Reached XP level 1. HP: 18/18 MP: 1/1
    62 | D:1      | Reached XP level 2. HP: 23/24 MP: 2/2
   180 | D:1      | Reached XP level 3. HP: 29/29 MP: 3/3
   500 | D:2      | Found a glowing silver altar of Zin.
   518 | D:2      | Reached XP level 4. HP: 37/37 MP: 4/4
   566 | D:2      | Noticed Terence
   567 | D:2      | Noticed Jessica
   573 | D:2      | Killed Terence
   574 | D:2      | Killed Jessica
   575 | D:2      | Reached skill level 5 in Shields
   575 | D:2      | Reached XP level 5. HP: 19/42 MP: 5/5
   982 | D:2      | Found a runed translucent door.
   983 | D:2      | Noticed Crazy Yiuf
   995 | D:2      | Killed Crazy Yiuf
  1186 | D:3      | Noticed Natasha
  1192 | D:3      | Killed Natasha
  1228 | D:3      | Noticed Natasha
  1239 | D:3      | Killed Natasha
  1240 | D:3      | Reached XP level 6. HP: 40/48 MP: 6/6
  1333 | D:3      | Noticed Natasha
  1337 | D:3      | Reached skill level 1 in Maces & Flails
  1341 | D:3      | Killed Natasha
  1643 | D:3      | Found a hazy altar of Hepliaklqana.
  1849 | D:3      | Reached skill level 1 in Polearms
  2095 | D:4      | Found a staircase to the Ecumenical Temple.
  2097 | D:4      | Found a runed translucent door.
  2108 | Temple   | Entered the Ecumenical Temple
  2136 | Temple   | Became a worshipper of Gozag Ym Sagoz the Greedy
  2178 | D:4      | Noticed Zenn's ghost (amateur TeNe)
  2178 | D:4      | Noticed a yak
  2256 | D:4      | HP: 2/49 [gnoll/+0 spear (2)]
  2257 | D:4      | Slain by a gnoll

Illustrated notes

Levels and vault maps discovered:
D:1:      nzn_arrival_crosshair, layout_rooms
D:2:      layout_rooms, basic_altar, minmay_gold_behind_fungi,
          due_unseen_surprise, uniq_jessica, uniq_crazy_yiuf_cottage,
          uniq_terence
D:3:      layout_loops_ring, nicolae_hepliaklqana_monster_ancestors,
          minmay_shallow_snake_nest, uniq_natasha
D:4:      layout_rooms, tso_oasis_becter, minmay_temple_entry_hall,
          ebering_ghost_inner_flame
Temple:   regret_index_temple_sphere_string

Skill      XL: |  1  2  3  4  5  6 |
---------------+-------------------+-----
Fighting       | 4 |  4.5
Armour         | 4 |  4.5
Shields        | 5 |  5.6
Axes           | 3 |  3.5
Maces & Flails | 1 |  1.4
Polearms       | 1 |  1.2

Action                     |  1- 3 |  4- 6 || total
---------------------------+-------+-------++-------
  Melee: War axe           |    79 |    27 ||   106
         Quarterstaff      |       |    84 ||    84
         Whip              |       |     9 ||     9
Ability: Dig               |       |     1 ||     1
    Use: Potion            |       |     1 ||     1
   Stab: Distracted        |       |     1 ||     1
 Armour: Scale mail        |    50 |    85 ||   135
  Dodge: Dodged            |    42 |    52 ||    94
  Block: Buckler           |    17 |    38 ||    55

Table legend: (Time is in decaauts)
 A = Elapsed time spent in this place.
 B = Non-inter-level travel time spent in this place.
 C = Inter-level travel time spent in this place.
 D = Time resting spent in this place.
 E = Time spent auto-exploring this place.
 F = Levels seen in this place.
 G = Mean time per level.
                   A        B        C        D        E       F      G
               +--------+--------+--------+--------+--------+-----+--------+
         Total |   2324 |   2163 |    161 |      0 |   1604 |   5 |  464.8 |
       Dungeon |   2267 |   2160 |    107 |      0 |   1604 |   4 |  566.8 |
        Temple |     56 |      2 |     54 |      0 |      0 |   1 |   56.0 |
               +--------+--------+--------+--------+--------+-----+--------+

Top non-repeatable levels by time:
     D:3: 761 daAuts
     D:2: 726 daAuts
     D:1: 485 daAuts
     D:4: 294 daAuts
  Temple: 56 daAuts
